 Dungeon Crawl Stone Soup version 0.22-a0-3-g4fa69d9a97 (webtiles) character file.

205 Manul the Ducker (level 5, -1/28 HPs)
             Began as a Spriggan Abyssal Knight on Jan 1, 2018.
             Was a Believer of Lugonu.
             Slain by a bullfrog (3 damage)
             ... on level 3 of the Dungeon.
             The game lasted 00:05:29 (5494 turns).

Manul the Ducker (Spriggan Abyssal Knight)          Turns: 5494, Time: 00:05:30

Health: -1/28      AC:  2    Str:  8    XL:     5   Next: 52%
Magic:  8/8        EV: 20    Int: 14    God:    Lugonu [**....]
Gold:   149        SH:  0    Dex: 16    Spells: 6/7 levels left

rFire    . . .     SeeInvis +   a - +1 short sword
rCold    . . .     Gourm    .   (shield restricted)
rNeg     . . .     Faith    .   b - +0 robe
rPois    .         Spirit   .   (helmet restricted)
rElec    .         Reflect  .   (no cloak)
rCorr    .         Harm     .   (gloves unavailable)
MR       .....                  (boots unavailable)
Stlth    ++........             (no amulet)
HPRegen  0.09/turn              (no ring)
MPRegen  0.11/turn              (no ring)

@: studying Slings, very quick
A: very small, unfitting armour, see invisible, herbivore, speed 3, slow
metabolism 2
a: Depart the Abyss, Bend Space, Renounce Religion


You were on level 3 of the Dungeon.
You worshipped Lugonu.
Lugonu was pleased with you.
You were not hungry.

You visited 1 branch of the dungeon, and saw 3 of its levels.
You visited the Abyss 1 time.

You collected 149 gold pieces.

Inventory:

Hand Weapons
 a - a +1 short sword (weapon)
Missiles
 d - a throwing net
 l - 45 stones (quivered)
Armour
 b - a +0 robe (worn)
Scrolls
 g - a scroll of magic mapping
 h - 3 scrolls of remove curse {unknown}
 i - a scroll of fog {unknown}
 k - a scroll of blinking {unknown}
 m - a scroll of enchant weapon {unknown}
 n - a scroll of teleportation
Potions
 o - a potion of curing {unknown}
Books
 e - a book of Changes

   Spells                             Type                      Level
   a - Beastly Appendage              Transmutation                1
   b - Sticks to Snakes               Transmutation                2
   c - Spider Form                    Transmutation/Poison         3
   d - Ice Form                       Ice/Transmutation            4
   e - Blade Hands                    Transmutation                5
 f - a manual of Slings
Comestibles
 c - 4 rations


   Skills:
 + Level 3.3 Fighting
 + Level 3.8 Short Blades
 + Level 5.1 Dodging
 + Level 2.2 Stealth
 + Level 1.8 Spellcasting
 + Level 1.1 Transmutations
 + Level 1.9 Invocations


You had 6 spell levels left.
You knew the following spells:

 Your Spells              Type           Power        Failure   Level  Hunger
a - Beastly Appendage     Tmut           #.....       16%         1    ##.....


Dungeon Overview and Level Annotations

Branches:
Dungeon (3/15)

Altars:
Ashenzari


Innate Abilities, Weirdness & Mutations

You are very small and have problems with some larger weapons.
You are too small for most types of armour.
You have supernaturally acute eyesight. (SInv)
You are a herbivore.
You cover ground extremely quickly.
You need consume almost no food.


Message History

Aim: a gnoll, wearing a chain mail (lightly wounded)
You throw a stone.
The stone hits the gnoll but does no damage.
The gnoll is lightly wounded.
The gnoll throws a stone.
The stone misses you.
The bullfrog croaks.
The gnoll throws a stone.
The stone hits you.
* * * LOW HITPOINT WARNING * * *
You see here a stone.
A jackal comes into view.
The jackal barks!
The leopard gecko hisses angrily.
The jackal misses you. The jackal bites you.
* * * LOW HITPOINT WARNING * * *
The jackal closely misses you. The bullfrog completely misses you.
There is a stone staircase leading up here.
The bullfrog hits you.
You die...

####....##..............
#.................######
....................# #
##.....#.....#####....
##.............## ###
#...............# #
#.....l.........#
#.....hF........#
#.....@.........#
#...............#
##.............##
##.....#..[..##
#############


You could see a bullfrog, a leopard gecko and a jackal.

Vanquished Creatures
  A worker ant (D:2)
  2 gnolls
  11 adders (D:2)
  An ufetubus (Abyss:1)
  A worm (D:3)
  2 dart slugs (D:1)
  3 leopard geckos
  An orc (D:2)
  5 bats
  4 giant cockroaches
  7 goblins
  2 hobgoblins
  7 kobolds
  A quokka (D:3)
  4 frilled lizards (D:2)
  7 rats
59 creatures vanquished.

Vanquished Creatures (others)
  2 starspawn tentacles (Abyss:2)
2 creatures vanquished.

Grand Total: 61 creatures vanquished

Notes
Turn   | Place    | Note
-------+----------+-------------------------------------------
     0 | Abyss:1  | Manul the Spriggan Abyssal Knight began the quest for the Orb.
     0 | Abyss:1  | Reached XP level 1. HP: 11/11 MP: 3/3
    25 | Abyss:1  | Found a corrupted altar of Lugonu.
   368 | Abyss:1  | Noticed a starcursed mass
   408 | Abyss:1  | Noticed a wretched star
   473 | Abyss:2  | Found a corrupted altar of Lugonu.
   531 | Abyss:2  | Noticed a sixfirhy
   580 | Abyss:2  | Noticed a small abomination
   613 | Abyss:2  | Noticed an iron imp
   634 | Abyss:2  | Noticed a large abomination
   639 | Abyss:2  | Noticed a glowing orange brain
   651 | Abyss:2  | Noticed a tentacled starspawn
   677 | Abyss:2  | Noticed a manticore simulacrum
   678 | Abyss:2  | Noticed a spatial maelstrom
   679 | Abyss:2  | Noticed a spatial vortex
   679 | Abyss:2  | Noticed a large abomination
   679 | Abyss:2  | Noticed a spatial vortex
   682 | Abyss:2  | Noticed a large abomination
   682 | Abyss:2  | Noticed a spatial vortex
   683 | Abyss:2  | Noticed a spatial vortex
   684 | Abyss:2  | Noticed a starcursed mass
   684 | Abyss:2  | Noticed a spatial vortex
   684 | D:1      | Escaped the Abyss
   914 | D:1      | Reached XP level 2. HP: 9/16 MP: 4/4
   936 | D:1      | Reached * piety under Lugonu
  1665 | D:1      | Reached XP level 3. HP: 10/19 MP: 5/5
  2816 | D:1      | Learned a level 1 spell: Beastly Appendage
  2935 | D:2      | Reached skill level 1 in Spellcasting
  2947 | D:2      | Reached skill level 4 in Dodging
  3169 | D:2      | Reached XP level 4. HP: 24/24 MP: 4/6
  3357 | D:2      | Reached skill level 1 in Stealth
  4150 | D:2      | Reached skill level 1 in Transmutations
  4150 | D:2      | Reached XP level 5. HP: 20/28 MP: 5/7
  4297 | D:2      | Reached skill level 5 in Dodging
  4322 | D:2      | Found a shattered altar of Ashenzari.
  4429 | D:2      | Reached ** piety under Lugonu
  5494 | D:3      | Slain by a bullfrog

Vault maps used:
D:1:      dpeg_arrival_more_subterranean_lakeside_camping, roderic_roman_lattice
D:2:      ashenzari_altar_1, first_ration
Abyss:1:  hangedman_summoners_spam
Abyss:2:  hangedman_abyss_feature_spike

Skill      XL: |  1  2  3  4  5 |
---------------+----------------+-----
Fighting       | 3 |  3.3
Short Blades   | 3 |  3.8
Spellcasting   | 1 |  1.8
Dodging        | 4 5 |  5.1
Stealth        | 1 2 |  2.2
Transmutations | 1 |  1.1
Invocations    | |  1.9

Action                   |  1- 3 |  4- 6 || total
-------------------------+-------+-------++-------
Melee: Short sword       |   124 |   128 ||   252
       Kick              |     1 |     6 ||     7
       Headbutt          |     1 |       ||     1
Throw: Stone             |     4 |     8 ||    12
       Throwing net      |       |     2 ||     2
 Cast: Beastly Appendage |     2 |     5 ||     7
Invok: Depart the Abyss  |     1 |       ||     1
  Use: Scroll            |     5 |     1 ||     6
       Potion            |       |     2 ||     2
 Stab: Sleeping          |     3 |     4 ||     7
       Held in net/web   |       |     1 ||     1
  Eat: Ration            |       |     2 ||     2
Armor: Robe              |     9 |     4 ||    13
Dodge: Dodged            |   120 |   115 ||   235

Table legend:
 A = Spawn XP
 B = Non-spawn XP
 C = Spawn XP percentage of total XP
 D = Spawn monster count
 E = Non-spawn monster count
 F = Spawn count percentage of total count
 G = Total turns spent on level
                    A         B        C        D         E        F      G
               +---------+---------+-------+---------+---------+-------+---------
         Total |       8 |     285 |   2.7 |       1 |      58 |   1.7 |  5494
               +---------+---------+-------+---------+---------+-------+---------
           D:1 |       0 |      39 |   0.0 |       0 |      21 |   0.0 |  2134
           D:2 |       0 |     222 |   0.0 |       0 |      33 |   0.0 |  2518
           D:3 |       0 |      24 |   0.0 |       0 |       4 |   0.0 |   158
       Abyss:1 |       8 |       0 | 100.0 |       1 |       0 | 100.0 |   473
               +---------+---------+-------+---------+---------+-------+---------
